 Dungeon Crawl Stone Soup version 0.13.0-11-g0187522 (webtiles) character file.

260 Leibowitz the Sneak (level 5, 0/28 HPs)
             Began as a Kobold Enchanter on Oct 18, 2013.
             Was an Initiate of Makhleb.
             Slain by an orc
             ... wielding a -1,+1 orcish war axe
              (7 damage)
             ... while paralysed by a potion of paralysis
             ... on Level 3 of the Dungeon.
             The game lasted 00:13:20 (2447 turns).

Leibowitz the Sneak (Kobold Enchanter)              Turns: 2447, Time: 00:13:21

HP   0/28        AC  3     Str 13      XL: 5   Next: 63%
MP   2/9         EV  3     Int 14      God: Makhleb [......]
Gold 106         SH  0     Dex 15      Spells:  2 memorised,  4 levels left

Res.Fire  : . . .   See Invis. : .   q - +1,+2 orc dagger (elec)
Res.Cold  : . . .   Warding    : .   b - +1 robe
Life Prot.: . . .   Conserve   : .   (no shield)
Res.Poison: .       Res.Corr.  : .   (no helmet)
Res.Elec. : .       Clarity    : .   (no cloak)
Sust.Abil.: . .     Spirit.Shd : .   (no gloves)
Res.Mut.  : .       Stasis     : .   (no boots)
Res.Rott. : .       Flight     : .   (no amulet)
Saprovore : + + .                    (no ring)
                                     (no ring)

@: paralysed, mighty, very slightly contaminated, hasted, slightly resistant to
hostile enchantments, stealthy
A: disease resistance, carnivore 3, saprovore 2
a: Renounce Religion


You were on level 3 of the Dungeon.
You worshipped Makhleb.
Makhleb was noncommittal.
You were very full.

You visited 1 branch of the dungeon, and saw 3 of its levels.

You collected 86 gold pieces.

Inventory:

Hand weapons
 a - a +1,+1 dagger {=f}
 q - a +1,+2 orcish dagger of electrocution (weapon)
Missiles
 d - 10 darts (quivered)
Armour
 b - a +1 robe (worn)
Comestibles
 f - a meat ration
 r - a honeycomb
Scrolls
 g - 3 scrolls of identify {unknown}
 j - a scroll of curse weapon {unknown}
 l - 3 scrolls of recharging {unknown}
 n - a scroll of curse jewellery {unknown}
 o - a scroll of blinking {unknown}
Jewellery
 h - a +2 ring of protection {unknown}
Potions
 m - a potion of agility
 p - a potion of speed
Books
 c - a book of Maledictions

   Spells                             Type                      Level
   *Corona                            Hexes                        1
   Sure Blade                         Hexes/Charms                 2
   *Ensorcelled Hibernation           Hexes/Ice                    2
   Confuse                            Hexes                        3
   Enslavement                        Hexes                        4
   Invisibility                       Hexes                        6


   Skills:
 * Level 1.6 Fighting
 * Level 2.2 Short Blades
 - Level 1.3 Throwing
 * Level 3.7 Dodging
 * Level 3.8 Stealth
 * Level 1.1 Unarmed Combat
 * Level 1.7 Spellcasting
 * Level 3.5 Hexes
 * Level 0.6 Ice Magic


You had 4 spell levels left.
You knew the following spells:

 Your Spells              Type           Power        Failure   Level  Hunger
a - Corona                Hex            ##.....      10%         1    ##.....
b - Ensorcelled Hibernat  Hex/Ice        #.....       17%         2    ###....


Dungeon Overview and Level Annotations

Branches:
Dungeon (3/27)

Altars:
Makhleb


Innate Abilities, Weirdness & Mutations

You recuperate from illness quickly.
You are small and have problems with some larger weapons.
You are carnivorous and can eat meat at any time.
You can eat rotten meat.


Message History

Press: ? - help, Shift-Dir - straight line, f/p - orc
Aim: an orc, wielding an orcish war axe and wearing an orcish ring mail (moderately wounded)
The orc looks drowsy...
The helpless orc fails to defend itself.
You slice the orc!!
There is a sudden explosion of sparks!
You kill the orc!
Makhleb accepts your kill.
The orc picks up an uncursed orcish dagger.
The orc throws an uncursed orcish dagger.
The uncursed orcish dagger misses you.
Drink which item? (? for menu, Esc to quit)
You feel very mighty all of a sudden.
It was a potion of might.
Drink which item? (? for menu, Esc to quit)
You suddenly lose the ability to move!
It was a potion of paralysis.
The orc unwields an uncursed orcish falchion.
The orc drops an uncursed orcish falchion.
The orc picks up an orcish war axe.
The orc wields an orcish war axe.
The orc hits you with an orcish war axe!
You die...

#.K.....#
........###...#
.....#. #...#
.... #. #...#
... .< #[### .
.. #)# .(. #b#
#.. #o# . #@#
#.# #.# #.# #)#
#.# ... #.# ...


You could see an orc and a bat.

Vanquished Creatures
  A hound (D:2)
  Ijyb (D:2)
  A gnoll (D:1)
  3 adders (D:2)
  A giant mite (D:1)
  A worm (D:2)
  3 orcs (D:3)
  3 hobgoblins
  5 jackals
  10 bats
  2 giant cockroaches (D:1)
  3 giant geckos
  4 giant newts
  8 goblins
  9 kobolds
  5 rats
60 creatures vanquished.

Notes
Turn   | Place    | Note
--------------------------------------------------------------
     0 | D:1      | Leibowitz, the Kobold Enchanter, began the quest for the Orb.
     0 | D:1      | Reached XP level 1. HP: 10/10 MP: 3/3
   390 | D:1      | Reached XP level 2. HP: 9/15 MP: 1/4
   394 | D:1      | Learned a level 2 spell: Ensorcelled Hibernation
   774 | D:1      | Reached XP level 3. HP: 19/19 MP: 2/5
   834 | D:1      | Reached skill level 1 in Fighting
  1301 | D:2      | Noticed Ijyb
  1314 | D:2      | Reached XP level 4. HP: 21/24 MP: 4/7
  1343 | D:2      | Killed Ijyb
  1888 | D:2      | Reached skill level 1 in Unarmed Combat
  1892 | D:2      | Reached XP level 5. HP: 21/28 MP: 3/8
  2167 | D:2      | Found a burning altar of Makhleb.
  2174 | D:2      | Became a worshipper of Makhleb the Destroyer
  2443 | D:3      | Paralysed by a potion of paralysis for 7 turns
  2447 | D:3      | Slain by an orc

Action                   |  1- 3 |  4- 6 || total
-------------------------+-------+-------++-------
Melee: Dagger            |    77 |   118 ||   195
Throw: Dart              |     9 |       ||     9
 Cast: Corona            |     6 |     2 ||     8
       Ensorcelled Hiber |    12 |    17 ||    29
  Use: Potion            |       |     7 ||     7
 Stab: Sleeping          |    11 |    14 ||    25
